 Dungeon Crawl Stone Soup version 0.21.1-1-g345015f (webtiles) character file.

541 doot the Skirmisher (level 7, -9/55 HPs)
             Began as a Demonspawn Abyssal Knight on June 7, 2018.
             Was an Initiate of Vehumet.
             Mangled by a thrashing horror (12 damage)
             ... created by the touch of Lugonu
             ... on level 3 of the Dungeon.
             The game lasted 00:10:44 (3296 turns).

doot the Skirmisher (Demonspawn Abyssal Knight)     Turns: 3296, Time: 00:10:45

Health: -9/55      AC:  6    Str: 12    XL:     7   Next: 5%
Magic:  8/8        EV: 18    Int: 14    God:    Vehumet [......]
Gold:   114        SH:  0    Dex: 19    Spells: 6/6 levels left

rFire    + . .     SeeInvis .   b - +1 trident (pierce)
rCold    . . .     Gourm    .   (no shield)
rNeg     . . .     Faith    .   e - +0 troll leather armour
rPois    .         Spirit   .   (no helmet)
rElec    .         Reflect  .   (no cloak)
rCorr    +         Harm     .   (no gloves)
MR       .....                  (no boots)
Stlth    +++.......             (no amulet)
HPRegen  0.58/turn              k - ring of resist corrosion
MPRegen  0.11/turn              l - +2 ring of protection

@: agile
A: talons 2, fire resistance 1, powered by pain 1
a: Renounce Religion


You were on level 3 of the Dungeon.
You worshipped Vehumet.
Vehumet was noncommittal.
You were not hungry.

You visited 2 branches of the dungeon, and saw 5 of its levels.
You visited the Abyss 1 time.

You collected 210 gold pieces.
You spent 96 gold pieces at shops.

Inventory:

Hand Weapons
 a - a +1 hand axe
 b - a +1 trident of piercing (weapon)
 s - a +0 blowgun
 v - the +4 Vampire's Tooth {vamp}
   (You found it on level 4 of the Dungeon)

   It inflicts no extra harm, but heals its wielder when it wounds a living foe.
Missiles
 u - 16 poisoned needles
Armour
 e - a +0 troll leather armour (worn)
 p - a +0 leather armour
Jewellery
 k - a ring of resist corrosion (left hand)
 l - a +2 ring of protection (right hand)
Wands
 o - a wand of iceblast (11)
Scrolls
 g - 2 scrolls of identify {unknown}
 j - a scroll of teleportation
 q - a scroll of immolation {unknown}
 t - a scroll of remove curse {unknown}
Potions
 d - 2 potions of brilliance {unknown}
 f - 2 potions of agility
 h - a potion of flight {unknown}
 i - a potion of haste {unknown}
 m - a potion of might {unknown}
 n - a potion of invisibility {unknown}
 r - a potion of curing
Comestibles
 c - 3 rations


   Skills:
 + Level 4.7 Fighting
 + Level 4.2(4.4) Axes
 + Level 2.0(3.4) Polearms
 + Level 2.9 Armour
 + Level 2.6 Dodging
 + Level 0.5 Stealth
   Level 2.4 Invocations


You had 6 spell levels left.
You didn't know any spells.

Dungeon Overview and Level Annotations

Branches:
Dungeon (4/15)             Temple (1/1) D:4

Altars:
Dithmenos
Elyvilon
Fedhas
Gozag
Hepliaklqana
Kikubaaqudgha
Makhleb
Nemelex Xobeh
Okawaru
Qazlal
Sif Muna
Vehumet
Wu Jian
Yredelemnul
Zin
The Shining One

Shops:
D:4 !

Annotations:
D:4 Grinder


Innate Abilities, Weirdness & Mutations

You have razor-sharp toenails.
Your flesh is heat resistant. (rF+)
You sometimes gain a little power by taking damage.


Message History

You feel agile all of a sudden.
The thrashing horror roars!
The thrashing horror tramples you!
* * * LOW HITPOINT WARNING * * *
You hold your ground!
The thrashing horror tramples you.
* * * LOW HITPOINT WARNING * * *
You hold your ground!
You are too injured to fight recklessly!
The thrashing horror roars!
The thrashing horror tramples you but does no damage.
The thrashing horror closely misses you.
The thrashing horror barely misses you.
The thrashing horror tramples you but does no damage.
The thrashing horror tramples you.
* * * LOW HITPOINT WARNING * * *
You hold your ground!
The thrashing horror closely misses you.
You see here a bat skeleton.
The thrashing horror tramples you!
You die...

# #.# # #.# # #.# #
#.# # #.# # #.# # #.#
#
#.###################.
#
#....@X...............
#
######################
#


You could see a thrashing horror.

Vanquished Creatures
  The ghost of troglodite the Skirmisher, an amateur DsBe of Trog (D:3)
  2 vampire bats (D:4)
  An orc priest (D:3)
  A bullfrog skeleton (D:3)
  An orc wizard (D:3)
  An iguana (D:4)
  Terence (D:3)
  A worker ant (D:4)
  A hound skeleton (D:4)
  3 gnolls (D:2)
  3 adders
  2 oozes
  A worm (D:2)
  A dart slug (D:1)
  2 leopard geckos (D:1)
  10 orcs (D:3)
  A ball python (D:1)
  17 bats
  4 giant cockroaches
  4 hobgoblins
  4 jackals (D:3)
  9 kobolds
  2 quokkas
  3 frilled lizards
  7 goblins
  11 rats
94 creatures vanquished.

Vanquished Creatures (others)
  2 withered plants (D:3)
2 creatures vanquished.

Grand Total: 96 creatures vanquished

Notes
Turn   | Place    | Note
-------+----------+-------------------------------------------
     0 | Abyss:1  | doot the Demonspawn Abyssal Knight began the quest for the Orb.
     0 | Abyss:1  | Reached XP level 1. HP: 18/18 MP: 2/2
   148 | Abyss:1  | Noticed a starcursed mass
   149 | D:1      | Escaped the Abyss
   218 | D:1      | Reached skill level 1 in Dodging
   249 | D:1      | Gained mutation: You sometimes gain a little power by taking damage. [demonic ancestry]
   249 | D:1      | Reached XP level 2. HP: 20/24 MP: 3/3
   351 | D:1      | Reached * piety under Lugonu
   563 | D:1      | Gained mutation: You have sharp toenails. [demonic ancestry]
   563 | D:1      | Reached XP level 3. HP: 29/29 MP: 4/4
   973 | D:2      | Reached XP level 4. HP: 35/35 MP: 5/5
  1222 | D:2      | Reached ** piety under Lugonu
  1657 | D:3      | Noticed Terence
  1691 | D:3      | Killed Terence
  1796 | D:3      | Gained mutation: Your flesh is heat resistant. (rF+) [demonic ancestry]
  1796 | D:3      | Reached XP level 5. HP: 38/42 MP: 6/6
  2079 | D:3      | Found an ancient bone altar of Kikubaaqudgha.
  2103 | D:3      | Noticed troglodite's ghost (amateur DsBe)
  2194 | D:4      | Reached XP level 6. HP: 48/48 MP: 7/7
  2204 | D:4      | Found Pyntonkocul's Distillery.
  2209 | D:4      | Bought a potion of curing for 36 gold pieces
  2209 | D:4      | Bought a potion of heal wounds for 60 gold pieces
  2276 | D:4      | Found a blossoming altar of Fedhas.
  2326 | D:4      | Found a staircase to the Ecumenical Temple.
  2403 | Temple   | Entered the Ecumenical Temple
  2653 | Temple   | Fell from the grace of Lugonu
  2653 | Temple   | Became a worshipper of Vehumet
  2773 | D:4      | Found the +4 Vampire's Tooth {vamp}
  2827 | D:4      | Reached skill level 1 in Polearms
  3003 | D:4      | Noticed Grinder
  3045 | D:3      | Killed troglodite's ghost
  3045 | D:3      | Gained mutation: You have razor-sharp toenails. [demonic ancestry]
  3045 | D:3      | Reached XP level 7. HP: 17/55 MP: 8/8
  3142 | D:3      | Noticed a thrashing horror
  3142 | D:3      | Noticed an ancient zyme
  3294 | D:3      | HP: 2/55 [thrashing horror[the touch of Lugonu] (5)]
  3296 | D:3      | Mangled by a thrashing horror

Skill      XL: |  1  2  3  4  5  6 |
---------------+-------------------+-----
Dodging        | 1 2 |  2.6
Axes           | 2 3 4 |  4.2
Armour         | 2 |  2.9
Fighting       | 4 |  4.7
Polearms       | 2 |  2.0
Stealth        | |  0.5
Invocations    | |  2.4

Action                   |  1- 3 |  4- 6 |  7- 9 || total
-------------------------+-------+-------+-------++-------
Melee: Hand axe          |   106 |   113 |       ||   219
       Kick              |     8 |    50 |     5 ||    63
       Trident           |       |    92 |    19 ||   111
Invok: Depart the Abyss  |     1 |       |       ||     1
  Use: Scroll            |       |     1 |     1 ||     2
       Potion            |       |     1 |     1 ||     2
  Eat: Chunk             |       |     7 |     1 ||     8
Armor: Troll leather arm |    53 |    54 |     9 ||   116
Dodge: Dodged            |    90 |   126 |    16 ||   232
